 Dungeon Crawl Stone Soup version 0.31-a0-188-g5e087ee2ca (webtiles) character file.

Game seed: 3114052488315607471

88 qw the Shooter (level 4, 0/25 HPs)
             Began as a Deep Elf Hunter on June 23, 2023.
             Succumbed to an adder's poison
             ... on level 2 of the Dungeon.
             The game lasted 00:00:31 (1229 turns).

qw the Shooter (Deep Elf Hunter)                    Turns: 1229, Time: 00:00:31

Health: 0/25       AC:  3    Str: 10    XL:     4   Next: 30%
Magic:  6/6        EV: 12    Int: 14    God:
Gold:   83         SH:  0    Dex: 18    Spells: 3/3 levels left

rFire   . . .        Y - +0 shortbow
rCold   + . .        (shield currently unavailable)
rNeg    . . .        c - +0 leather armour
rPois   .            (no helmet)
rElec   .            (no cloak)
rCorr   .            (no gloves)
SInv    .            (no boots)
Will    .....        (no amulet)
Stlth   ++           g - ring of protection from cold
HPRegen 0.24/turn    (no ring)
MPRegen 0.10/turn

%: no passive effects
@: lethally poisoned (0 -> -8)
A: no striking features
a: no special abilities


You were on level 2 of the Dungeon.
You visited 1 branch of the dungeon, and saw 2 of its levels.

You collected 83 gold pieces.


   Skills:
 - Level 1.5 Fighting
 + Level 7.7 Ranged Weapons
 - Level 2.4 Dodging
 - Level 1.2 Stealth


You had 3 spell levels left.
You didn't know any spells.
Your spell library was empty.

Inventory:

Hand Weapons
 Y - a +0 shortbow (weapon)
Armour
 c - a +0 leather armour (worn)
 e - a +0 scale mail
Jewellery
 b - a +6 ring of dexterity
 g - a ring of protection from cold (left hand)
Potions
 d - 2 potions of enlightenment {unknown}
 h - a potion of attraction {unknown}
 j - a potion of haste {unknown}
 k - 3 potions of curing {unknown}

Dungeon Overview and Level Annotations

Branches:
Dungeon (2/15)

Altars:


Message History

Enter note:
Enter note: You start resting.
HP restored.
You see here an adder skeleton.
Things that are here:
a +0 short sword; a kobold skeleton You shoot an arrow.
The adder hisses angrily.
The arrow hits the adder but does no damage.
The adder is moderately wounded.
The adder bites you.
You are poisoned.
The adder poisons you!
You shoot an arrow. The arrow barely misses the adder.
You feel sick. The adder bites you but does no damage.
You shoot an arrow. The arrow hits the adder!
The adder is almost dead.
You feel sick. The adder barely misses you. The adder bites you.
You are more poisoned.
The adder poisons you!
You shoot an arrow. The arrow misses the adder.
You feel sick. The adder bites you.
You are more poisoned.
The adder poisons you!
You shoot an arrow. The arrow closely misses the adder.
You feel very sick. The adder closely misses you.
You shoot an arrow. The arrow misses the adder.
You feel sick. The adder bites you but does no damage. The adder bites you.
You shoot an arrow. The arrow barely misses the adder.
You feel sick. The adder closely misses you.
You shoot an arrow. The arrow barely misses the adder.
You feel sick. The adder misses you.
You shoot an arrow. The arrow barely misses the adder.
You feel sick. The adder bites you.
You are more poisoned.
The adder poisons you! The adder bites you but does no damage.
You shoot an arrow. The arrow completely misses the adder.
You die...

#...#......# #...##
#.......##.# #....#
####.......# #.#..#####
#.#####.# #........# ##.## #.#
#....###.## #...#
#.#######.##.##...##### #...#
#............##.#...... #...#
##.......######...##### #...#
###...S@..# ######### #...#
#......#.## #.......# #
####...###.#.##.#.# #.......#
#
.............##.#.####.......#
##
.............##.#.%....>.....#
#.
.............##.######<......#
#. ####%<.###......# #.......#
#. #...# ######.### #.......#
#. #...# #...# ######### #.


You could see an adder.

Vanquished Creatures
  3 adders (D:2)
  A gnoll (D:2)
  2 dart slugs
  2 ball pythons (D:2)
  4 endoplasms (D:1)
  2 giant cockroaches (D:1)
  4 goblins
  3 hobgoblins (D:1)
  4 jackals (D:1)
  3 quokkas (D:1)
  6 frilled lizards
  4 kobolds
  6 rats
44 creatures vanquished.

Notes
Turn   | Place    | Note
-------+----------+-------------------------------------------
     0 | D:1      | qw the Deep Elf Hunter began the quest for the Orb.
     0 | D:1      | Reached XP level 1. HP: 12/12 MP: 3/3
     0 | D:1      | 0 ||| qw: Version: 0.3-a-9-g12657ce
     0 | D:1      | 0 ||| qw: Game counter: 3582
     0 | D:1      | 0 ||| qw: Always use a shield: true
     0 | D:1      | 0 ||| qw: God list: Okawaru
     0 | D:1      | 0 ||| qw: Allow faded altars: false
     0 | D:1      | 0 ||| qw: Do Orc after D:15 true
     0 | D:1      | 0 ||| qw: Do second Lair branch before Depths: true
     0 | D:1      | 0 ||| qw: Lair rune preference: random
     0 | D:1      | 0 ||| qw: Plans: Normal
     0 | D:1      | 0 ||| PLANNING D:1-11
    76 | D:1      | Reached XP level 2. HP: 16/16 MP: 4/4
    80 | D:1      | Reached skill level 6 in Ranged Weapons
   362 | D:1      | Reached XP level 3. HP: 20/20 MP: 5/5
   432 | D:1      | 432 ||| FLEEEEING.
   692 | D:1      | 692 ||| UPGRADING to ring of protection from cold.
   693 | D:1      | 693 ||| READING 2 scrolls labelled EZUIXT EWEATT.
   697 | D:1      | 697 ||| READING scroll labelled MAIQIW SORE.
   698 | D:1      | 698 ||| READING scroll labelled JYHAJAN GAKHETY.
   699 | D:1      | 699 ||| READING scroll labelled JAWENO JASA.
   738 | D:1      | 738 ||| READING scroll labelled OMAOFIN CITI.
   739 | D:1      | 739 ||| DROPPING scroll of butterflies.
   778 | D:2      | Reached skill level 7 in Ranged Weapons
  1090 | D:2      | Reached XP level 4. HP: 25/25 MP: 6/6
  1113 | D:2      | 1113 ||| Stepping ~*~*~tactically~*~*~ (outnumbered).
  1114 | D:2      | 1114 ||| Stepping ~*~*~tactically~*~*~ (outnumbered).
  1117 | D:2      | HP: 5/25 [gnoll/+0 whip (2)]
  1118 | D:2      | 1118 ||| READING scroll of teleportation.
  1119 | D:2      | 1119 ||| Stepping ~*~*~tactically~*~*~ (outnumbered).
  1225 | D:2      | HP: 6/25 [adder (2)]
  1228 | D:2      | HP: 2/25 [adder (1)]
  1229 | D:2      | Succumbed to an adder's poison

Levels and vault maps discovered:
D:1:      lightli_arrival_flooded_house, layout_loops_ring, minmay_distorted
D:2:      layout_loops_cross, basic_altar

Skill      XL: |  1  2  3 |
---------------+----------+-----
Ranged Weapons | 6 7 |  7.7
Fighting       | |  1.5
Dodging        | |  2.4
Stealth        | |  1.2

Action                     |  1- 3 |  4- 6 || total
---------------------------+-------+-------++-------
   Fire: Shortbow          |    97 |    32 ||   129
    Use: Scroll            |     5 |     1 ||     6
 Armour: Leather armour    |     6 |     6 ||    12
  Dodge: Dodged            |    15 |     8 ||    23

Table legend:
 A = Non-vault XP
 B = Vault XP
 C = Vault XP percentage of total XP
 D = Non-vault monster count
 E = Vault monster count
 F = Vault count percentage of total count
                 A         B        C        D         E       F
            +---------+---------+-------+---------+---------+-------
      Total |     125 |       2 |   1.6 |      43 |       1 |   2.3
            +---------+---------+-------+---------+---------+-------
        D:1 |      52 |       2 |   3.7 |      29 |       1 |   3.3
        D:2 |      73 |       0 |   0.0 |      14 |       0 |   0.0
            +---------+---------+-------+---------+---------+-------
